 Dungeon Crawl Stone Soup version 0.15-a0-348-gfef1ba5 (webtiles) character file.

1548 MrRokkomies the Firebug (level 8, -1/52 HPs)
             Began as a Demonspawn Fire Elementalist on May 2, 2014.
             Was a Follower of Vehumet.
             Slain by an orc warrior
             ... wielding a +2,+1 glaive of protection
              (19 damage)
             ... on Level 7 of the Dungeon.
             The game lasted 00:25:25 (6522 turns).

MrRokkomies the Firebug (DsFE)                      Turns: 6522, Time: 00:25:25

HP  -1/52        AC  6     Str  8      XL: 8   Next: 38%
MP   6/22        EV 12     Int 20      God: Vehumet [*.....]
Gold 185         SH  0     Dex 13      Spells:  4 memorised,  1 level left

rFire  . . .     SeeInvis .     q - +2 whip (drain)
rCold  . . .     Clarity  .     a - +0 robe
rNeg   . . .     Conserve +     (no shield)
rPois  .         rCorr    .     (helmet restricted)
rElec  .         rRot     .     (no cloak)
SustAb . .       Spirit   .     j - +0 pair of gloves
rMut   .         Warding  .     y - +2 pair of boots
Saprov . . .     Stasis   .     i - amulet of conservation
MR     .....                    (no ring)
                                l - ring of magical power

@: very slightly contaminated, hasted, very quick, not resistant to hostile
enchantments, unstealthy
A: antennae 1, claws 2, talons 1
a: Renounce Religion


You were on level 7 of the Dungeon.
You worshipped Vehumet.
Vehumet was aware of your devotion.
You were very hungry.

You visited 2 branches of the dungeon, and saw 8 of its levels.

You collected 185 gold pieces.

Inventory:

Hand weapons
 k - a +2,+1 spear of chaos
 p - a +0,+4 sling
 q - a +2,+2 whip of draining (weapon)
 C - a +0 blowgun
Missiles
 h - 48 poisoned needles
 n - 8 poisoned darts
 s - 12 stones
 A - 5 javelins of penetration (quivered)
 D - 5 poisoned sling bullets
Armour
 a - a +0 robe (worn)
 j - a +0 pair of gloves (worn)
 y - a +2 pair of boots (worn)
Magical devices
 z - a wand of lightning (0)
 B - a wand of lightning (0)
Comestibles
 c - 2 bread rations
Scrolls
 d - a scroll of identify
 g - a scroll of enchant weapon I
 t - a scroll of fear
 v - 4 scrolls of teleportation
 w - 2 scrolls of magic mapping
 x - 2 scrolls of enchant armour
 E - a scroll of amnesia
Jewellery
 i - an amulet of conservation (around neck)
 l - a ring of magical power (left hand)
Potions
 f - a potion of curing
 r - a potion of brilliance
 u - 3 potions of restore abilities
Books
 b - a book of Flames

   Spells                             Type                      Level
   *Flame Tongue                      Conjuration/Fire             1
   *Throw Flame                       Conjuration/Fire             2
   *Conjure Flame                     Conjuration/Fire             3
   Inner Flame                        Hexes/Fire                   3
   *Sticky Flame                      Conjuration/Fire             4
   Fireball                           Conjuration/Fire             5


   Skills:
 - Level 1.7 Dodging
 - Level 1.7 Stealth
 - Level 2.0 Spellcasting
 * Level 7.1 Conjurations
 + Level 7.4 Fire Magic


You had one spell level left.
You knew the following spells:

 Your Spells              Type           Power        Failure   Level  Hunger
a - Flame Tongue          Conj/Fire      ####.        1%          1    #......
b - Throw Flame           Conj/Fire      ####..       1%          2    ##.....
c - Conjure Flame         Conj/Fire      ####....     2%          3    ###....
d - Sticky Flame          Conj/Fire      ####....     10%         4    #####..


Dungeon Overview and Level Annotations

Branches:
Dungeon (7/15)             Temple (1/1) D:5

Altars:
Ashenzari
Elyvilon
Kikubaaqudgha
Makhleb
Nemelex Xobeh
Sif Muna
Vehumet
Xom
Yredelemnul
Zin

Shops:
D:5 (}%}

Annotations:
D:4 MrRokkomies' ghost, average DsFE


Innate Abilities, Weirdness & Mutations

You have a pair of small antennae on your head.
You have very sharp fingernails.
You have sharp toenails.


Message History

Aim: an orc warrior, wielding a runed glaive and wearing a chain mail (lightly wounded, covered in liquid flames)
The puff of flame hits the orc warrior.
The orc warrior is moderately wounded.
The orc warrior burns!
The orc warrior hits you with a runed glaive!
Casting: Throw Flame
Confirm with . or Enter, or press ? or * to list all spells.
Aiming: Throw Flame
Press: ? - help, Shift-Dir - straight line, f/p - orc warrior
Aim: an orc warrior, wielding a runed glaive and wearing a chain mail (moderately wounded, covered in liquid flames)
The puff of flame hits the orc warrior.
The orc warrior is moderately wounded.
You barely miss the orc warrior.
The orc warrior is moderately wounded.
The orc warrior burns!
The orc warrior closely misses you.
You barely miss the orc warrior.
The orc warrior is heavily wounded.
The orc warrior burns!
The orc warrior hits you from afar with a runed glaive!
You die...

###.#.........
###.............
##......#........
#......).#.......
##.#...)#)##.....
####.##.........
######.##.....
########.#####.......
#_((@_##..##.....#...
#≈#'#≈##........#.... . #
#o###...##.#.#..... ..# #
#o# #....##........
......# #)#
#....###....... ...#.
#)###.....#........ ...
####%##.....###...#...
#.##.#().#......#....#...
##.o.....................


You could see an orc warrior (burning) and an orc.

Vanquished Creatures
  A hungry ghost (D:3)
  Edmund (D:7)
  An ice beast (D:5)
  A phantom (D:7)
  3 ogres
  A big kobold (D:7)
  3 wights (D:6)
  2 crimson imps (D:5)
  7 orc wizards
  A worker ant (D:5)
  An ogre zombie (D:7)
  An iguana (D:6)
  A worker ant zombie (D:5)
  6 adders
  A gnoll (D:6)
  A shadow imp (D:5)
  2 worms
  A goliath beetle zombie (D:6)
  2 adder skeletons (D:5)
  An adder zombie (D:3)
  An orc skeleton (D:5)
  11 orcs
  11 bats
  2 giant cockroaches
  9 hobgoblins
  8 jackals
  12 kobolds
  A quokka (D:7)
  2 ball pythons
  2 giant geckos
  3 giant newts
  8 goblins
  2 hobgoblin skeletons (D:5)
  An ooze (D:3)
  11 rats
122 creatures vanquished.

Vanquished Creatures (others)
  A crimson imp (D:6)
1 creature vanquished.

Grand Total: 123 creatures vanquished

Notes
Turn   | Place    | Note
--------------------------------------------------------------
     0 | D:1      | MrRokkomies, the Demonspawn Fire Elementalist, began the quest for the Orb.
     0 | D:1      | Reached XP level 1. HP: 13/13 MP: 3/3
   360 | D:1      | Reached skill level 3 in Fire Magic
   360 | D:1      | Gained mutation: You have sharp fingernails. [demonic ancestry]
   360 | D:1      | Reached XP level 2. HP: 16/19 MP: 4/4
   364 | D:1      | Learned a level 2 spell: Throw Flame
  1063 | D:2      | Reached XP level 3. HP: 22/24 MP: 6/6
  1818 | D:2      | Learned a level 3 spell: Conjure Flame
  1974 | D:3      | Noticed a hungry ghost
  2006 | D:3      | Killed a hungry ghost
  2006 | D:3      | Reached skill level 4 in Fire Magic
  2006 | D:3      | Gained mutation: You have very sharp fingernails. [demonic ancestry]
  2006 | D:3      | Reached XP level 4. HP: 26/30 MP: 6/7
  2006 | D:3      | Reached XP level 5. HP: 30/35 MP: 6/9
  2542 | D:3      | Reached skill level 5 in Fire Magic
  2650 | D:3      | Found a shimmering altar of Xom.
  2771 | D:4      | Noticed MrRokkomies' ghost (average DsFE)
  2778 | D:5      | Entered Level 5 of the Dungeon
  2823 | D:5      | Noticed an ogre
  2829 | D:5      | Killed an ogre
  2829 | D:5      | Reached XP level 6. HP: 41/41 MP: 7/10
  2909 | D:5      | Found Silil's Food Boutique.
  2933 | D:5      | Noticed an ice beast
  2952 | D:5      | Found Thaeshecimi's Gadget Emporium.
  2955 | D:5      | Killed an ice beast
  3577 | D:5      | Reached skill level 6 in Fire Magic
  3577 | D:5      | Gained mutation: You have a pair of small antennae on your head. [demonic ancestry]
  3577 | D:5      | Reached XP level 7. HP: 44/46 MP: 12/12
  3582 | D:5      | Found Schamuuro's Gadget Emporium.
  3611 | D:5      | Found a staircase to the Ecumenical Temple.
  3685 | Temple   | Entered the Ecumenical Temple
  3699 | Temple   | Became a worshipper of Vehumet
  4472 | D:5      | Reached skill level 5 in Conjurations
  4523 | D:5      | Found Unlirr's Antique Weapon Emporium.
  4642 | D:5      | Learned a level 4 spell: Sticky Flame
  5503 | D:6      | Acquired Vehumet's first power
  5503 | D:6      | Offered knowledge of Magic Dart by Vehumet.
  5839 | D:6      | Found a glowing silver altar of Zin.
  5972 | D:7      | Reached skill level 7 in Fire Magic
  5972 | D:7      | Gained mutation: You have sharp toenails. [demonic ancestry]
  5972 | D:7      | Reached XP level 8. HP: 35/52 MP: 13/13
  6093 | D:7      | Noticed Edmund
  6160 | D:7      | Killed Edmund
  6479 | D:7      | Found a shattered altar of Ashenzari.
  6479 | D:7      | Found a burning altar of Makhleb.
  6522 | D:7      | Slain by an orc warrior

Action                   |  1- 3 |  4- 6 |  7- 9 || total
-------------------------+-------+-------+-------++-------
Melee: Whip              |    73 |   157 |   404 ||   634
       Spear             |       |       |    30 ||    30
 Fire: Sling             |       |    13 |    13 ||    26
Throw: Javelin           |       |       |    17 ||    17
 Cast: Flame Tongue      |    22 |     3 |     5 ||    30
       Throw Flame       |     3 |    11 |    58 ||    72
       Conjure Flame     |     1 |     3 |     7 ||    11
       Sticky Flame      |       |       |     2 ||     2
Evoke: Wand              |       |     4 |     2 ||     6
  Use: Scroll            |    11 |       |     5 ||    16
       Potion            |       |       |     5 ||     5
 Stab: Sleeping          |     1 |       |       ||     1
       Paralysed         |       |       |     7 ||     7
       Confused          |       |       |     1 ||     1
